 Dungeon Crawl Stone Soup version 0.31-a0-844-gdc52ec4e09 (webtiles) character file.

Game seed: 11224641011618694588

192 BinkBink the Ducker (level 5, -3/35 (37) HPs)
             Began as an Octopode Fighter on Sept 29, 2023.
             Succumbed to an orc wizard's poison
             ... on level 3 of the Dungeon.
             The game lasted 00:03:48 (2769 turns).

BinkBink the Ducker (Octopode Fighter)              Turns: 2769, Time: 00:03:48

HP:   -3/35 (37)    AC:  1    Str: 16    XL:     5   Next: 71%
MP:   0/5           EV: 15    Int: 10    God:
Gold: 133           SH:  6    Dex: 19    Spells: 4/4 levels left

rFire   + . .        r - +4 dagger
rCold   . . .        b - +0 buckler
rNeg    . . .        (helmet restricted)
rPois   .            o - amulet of guardian spirit
rElec   .            e - ring of protection from fire
rCorr   .            t - +6 ring of dexterity
SInv    .            (no ring)
Will    .....        (no ring)
Stlth   +++          (no ring)
HPRegen 0.25/turn    (no ring)
MPRegen 0.09/turn    (no ring)
                     (no ring)

%: guardian spirit
@: lethally poisoned (-3 -> -24), hasted, drained, very quick
A: almost no armour, amphibious, 8 rings, camouflage 1, gelatinous body 1,
(nimble swimmer 1), tentacles
a: no special abilities


You were on level 3 of the Dungeon.
You visited 1 branch of the dungeon, and saw 3 of its levels.

You collected 133 gold pieces.

Inventory:

Hand Weapons
 a - a +0 rapier
 r - a +4 dagger (weapon)
Armour
 b - a +0 buckler (worn)
Jewellery
 e - a ring of protection from fire (left tentacle)
 o - an amulet of guardian spirit (around mantle)
 t - a +6 ring of dexterity (right tentacle)
 u - an amulet of the acrobat
Scrolls
 f - a scroll of amnesia {unknown}
 g - 2 scrolls of poison
 h - a scroll of blinking {unknown}
 i - 2 scrolls of identify
 j - 2 scrolls of fog {unknown}
 l - 3 scrolls of butterflies {unknown}
 m - a scroll of immolation {unknown}
 n - a scroll of teleportation {unknown}
 q - a scroll of enchant armour {unknown}
Potions
 c - 4 potions of might
 d - a potion of curing {unknown}
 s - a potion of attraction {unknown}


   Skills:
 + Level 3.9 Fighting
 + Level 3.2 Short Blades
 + Level 4.1 Dodging
 + Level 4.0 Shields


You had 4 spell levels left.
You didn't know any spells.
Your spell library contained the following spells:

 Spells                   Type           Power      Damage    Failure   Level
 Lesser Beckoning         Tloc           0%         N/A       58%         2
 Ignite Poison            Fire/Tmut/Pois 0%         N/A       82%         3
 Dimensional Bullseye     Hex/Tloc       0%         N/A       99%         4
 Starburst                Conj/Fire      0%         6d3       100%        6


Dungeon Overview and Level Annotations

Branches:
Dungeon (3/15)

Altars:
Zin

Annotations:
D:2 1 runed translucent door, Crazy Yiuf


Innate Abilities, Weirdness & Mutations

You cannot wear most types of armour.
You are amphibious.
You can wear up to eight rings at the same time.
Your skin changes colour to match your surroundings (Stealth+).
Your rubbery body absorbs attacks. (AC +1, EV +1)
((You are camouflaged when in or above water. (Stealth+)))
You have tentacles for arms and can constrict up to eight enemies at once.


Message History

You constrict the orc priest, but do no damage.
You feel sick.
The orc splashes around in the water.
Something barely misses you. The orc closely misses you.
The orc priest misses you.
You hit the orc priest.
The orc priest is lightly wounded.
You constrict the orc priest, but do no damage.
You feel very sick. The orc misses you. Something hits you.
You are lethally poisoned!
The orc misses you. You block the orc priest's attack.
You feel much better.
You constrict the orc priest.
You feel very sick.
The orc hits you from afar with a +0 trident!
Something hits you.
You are more poisoned.
The orc closely misses you.
The orc priest invokes the aid of Beogh against you.
You barely resist. You barely miss something. Your squeeze misses something.
You constrict the orc priest.
You feel extremely sick.
The orc hits you from afar with a +0 trident.
You hear some strange, mumbled words.
A puff of flame appears from out of thin air!
The puff of flame hits you. You resist.
* * * LOW HITPOINT WARNING * * *
The orc misses you.
As you read the scroll labelled AMYETO NIVUUCERR, it crumbles to dust.
It is a scroll of identify.
g - 2 scrolls of poison You constrict the orc priest, but do no damage.
* * * LOW HITPOINT WARNING * * *
You feel very sick.
The orc priest casts a cantrip, but nothing happens.
The orc splashes around in the water.
You block something's attack. The orc closely misses you.
It was a potion of haste.
You feel yourself speed up.
You constrict the orc priest.
You die...

.......#
#...P.P...~..........##
.#.#####
#.#.~.#.#.~..#########
.#.# #.#.~.#.#.~..# ..
..#.~P#_#.~..#
####.⌠.###....#
####.⌠..$†.⌠..###
.....Po..~~⌠......
#####..o{.....#####
......ro@.........
....>.############
.#.#. . #


You could see an orc priest, 2 orcs and a quokka.

Vanquished Creatures
  A jelly (D:3)
  Jessica (D:2)
  Robin (D:2)
  4 adders
  3 gnolls (D:3)
  2 dart slugs (D:1)
  5 ball pythons
  3 endoplasms
  A giant cockroach (D:3)
  10 goblins
  4 hobgoblins
  2 jackals (D:3)
  4 quokkas
  7 bats
  2 frilled lizards
  5 kobolds
  3 rats
58 creatures vanquished.

Notes
Turn   | Place    | Note
-------+----------+-------------------------------------------
     0 | D:1      | BinkBink the Octopode Fighter began the quest for the Orb.
     0 | D:1      | Reached XP level 1. HP: 16/16 MP: 1/1
   254 | D:1      | Reached XP level 2. HP: 21/21 MP: 2/2
   736 | D:1      | Reached XP level 3. HP: 26/26 MP: 3/3
  1233 | D:2      | Noticed Jessica
  1241 | D:2      | Killed Jessica
  1301 | D:2      | Reached XP level 4. HP: 31/31 MP: 4/4
  1346 | D:2      | Noticed Robin
  1353 | D:2      | Killed Robin
  1574 | D:2      | Got a faded book
  1618 | D:2      | Found a runed translucent door.
  1619 | D:2      | Noticed Crazy Yiuf
  1891 | D:2      | Reached XP level 5. HP: 27/37 MP: 5/5
  2555 | D:3      | Found a faded altar of an unknown god.
  2561 | D:3      | Found a glowing silver altar of Zin.
  2769 | D:3      | Succumbed to an orc wizard's poison

Illustrated notes

Levels and vault maps discovered:
D:1:      dpeg_arrival_boxes_within_box, layout_basic,
          wander_ebering_terrifying_dragon_lair
D:2:      layout_basic, serial_bayou, serial_bayou_crossing,
          serial_bayou_ford_a, serial_bayou_shore_b, serial_bayou_pond_a,
          serial_bayou_pond_a, serial_bayou_pond_d, uniq_jessica,
          uniq_crazy_yiuf_cottage, uniq_robin
D:3:      layout_basic, lemuel_round_altar, shapermc_ecumenical_altar_acropolis,
          wad_floor_pattern_untrapped

Skill      XL: |  1  2  3  4  5 |
---------------+----------------+-----
Short Blades   | 3 |  3.2
Dodging        | 4 |  4.1
Shields        | 4 |  4.0
Fighting       | |  3.9

Action                     |  1- 3 |  4- 6 || total
---------------------------+-------+-------++-------
  Melee: Rapier            |    50 |    47 ||    97
         Constrict         |    10 |    21 ||    31
         Tentacles         |     7 |    12 ||    19
         Dagger            |       |    36 ||    36
         Punch             |       |     2 ||     2
    Use: Potion            |       |     3 ||     3
         Scroll            |       |     1 ||     1
   Stab: Sleeping          |    11 |     1 ||    12
 Armour: Skin              |    12 |    49 ||    61
  Dodge: Dodged            |    26 |    69 ||    95
  Block: Buckler           |     7 |    26 ||    33

Table legend: (Time is in decaauts)
 A = Elapsed time spent in this place.
 B = Non-inter-level travel time spent in this place.
 C = Inter-level travel time spent in this place.
 D = Time resting spent in this place.
 E = Time spent auto-exploring this place.
 F = Levels seen in this place.
 G = Mean time per level.
                   A        B        C        D        E       F      G
               +--------+--------+--------+--------+--------+-----+--------+
         Total |   2774 |   2593 |    181 |      0 |   2187 |   3 |  924.7 |
       Dungeon |   2774 |   2593 |    181 |      0 |   2187 |   3 |  924.7 |
               +--------+--------+--------+--------+--------+-----+--------+

Top non-repeatable levels by time:
     D:2: 1238 daAuts
     D:1: 1225 daAuts
     D:3: 309 daAuts
